 Dungeon Crawl Stone Soup version 0.31-a0-879-g1609e0ac53 (webtiles) character file.

Game seed: 17177115058360091071

21666 Dirtsage the Grappler (level 12, -5/85 HPs)
             Began as an Octopode Shapeshifter on Oct 14, 2023.
             Was an Elder of Wu Jian.
             Slain by a blink frog (16 damage)
             ... on level 2 of the Lair of Beasts.
             The game lasted 00:30:51 (10830 turns).

Dirtsage the Grappler (Octopode Shapeshifter)      Turns: 10830, Time: 00:30:52

Health: -5/85      AC:  5    Str: 18    XL:     12   Next: 92%
Magic:  33/33      EV: 19    Int: 12    God:    Wu Jian [****..]
Gold:   683        SH:  0    Dex: 12    Spells: 13/15 levels left

rFire   . .          .
                       - Unarmed
rCold   + . .        (shield currently unavailable)
rNeg    + . .        (helmet restricted)
rPois   .            e - amulet of regeneration
rElec   .            r - ring of magical power
rCorr   +            x - +4 ring of protection
SInv    .            G - ring of magical power
Will    +....        L - ring of willpower
Stlth   +            M - +5 ring of evasion
HPRegen 1.14/turn    J - ring of ice
MPRegen 0.23/turn    C - ring of resist corrosion
                     N - ring of positive energy

%: no passive effects
@: lethally poisoned (-5 -> -10), flux-form, glowing
A: glow, contaminating, almost no armour, amphibious, 8 rings, camouflage 1,
gelatinous body 1, (nimble swimmer 1), tentacles, fire resistance 1
a: Begin Untransformation, Renounce Religion, Wall Jump, Serpent's Lash


You were on level 2 of the Lair of Beasts.
You worshipped Wu Jian.
Wu Jian was greatly pleased with you.
You were something dangerously unstable.
You visited 4 branches of the dungeon, and saw 15 of its levels.

You collected 788 gold pieces.
You spent 105 gold pieces at shops.

Inventory:

Missiles
 K - 8 curare-tipped darts
 O - a throwing net
Magical Staves
 a - a staff of death
 m - a staff of air
 w - a staff of cold
Jewellery
 e - an amulet of regeneration (around mantle)
 o - a ring of fire
 r - a ring of magical power (left tentacle)
 u - an amulet of the acrobat
 x - a +4 ring of protection (right tentacle)
 C - a ring of resist corrosion (on tentacle)
 G - a ring of magical power (on tentacle)
 J - a ring of ice (on tentacle)
 L - a ring of willpower (on tentacle)
 M - a +5 ring of evasion (on tentacle)
 N - a ring of positive energy (on tentacle)
 S - a ring of ice
Talismans
 b - a beast talisman
 c - a flux talisman (active)
Wands
 k - a wand of iceblast (2)
 D - a wand of digging (2)
 I - a wand of paralysis (7)
 R - a wand of polymorph (4)
Scrolls
 d - 3 scrolls of immolation
 g - a scroll of fear
 h - 2 scrolls of fog
 i - a scroll of acquirement {unknown}
 j - 2 scrolls of noise
 n - a scroll of butterflies
 s - a scroll of silence
 t - 12 scrolls of teleportation
 v - a scroll of enchant weapon
 H - a scroll of revelation
 Q - a scroll of amnesia
Potions
 f - 2 potions of might {unknown}
 l - 2 potions of heal wounds
 p - 2 potions of enlightenment
 q - 5 potions of curing
 y - 4 potions of attraction
 z - a potion of resistance {unknown}
 A - 2 potions of brilliance
 E - a potion of mutation
 F - 2 potions of haste {unknown}
 P - a potion of invisibility {unknown}


   Skills:
 + Level 9.0 Fighting
 + Level 4.0 Dodging
 * Level 12.8 Unarmed Combat
 + Level 2.2 Spellcasting
 + Level 5.6 Transmutations
 + Level 6.1 Evocations
 - Level 11.0 Shapeshifting


You had 13 spell levels left.
You knew the following spells:

 Your Spells              Type           Power      Damage    Failure   Level
a - Wereblood             Tmut           14%        N/A       4%          2

Your spell library contained the following spells:

 Spells                   Type           Power      Damage    Failure   Level
 Magic Dart               Conj           4%         1d3       26%         1
 Shock                    Conj/Air       4%         1d3       26%         1
 Blink                    Tloc           2%         N/A       38%         2
 Call Imp                 Summ           2%         N/A       38%         2
 Dazzling Flash           Conj/Hex       2%         N/A       63%         3
 Mephitic Cloud           Conj/Pois/Air  1%         N/A       63%         3
 Summon Guardian Golem    Hex/Summ       1%         N/A       63%         3
 Swiftness                Air            1%         N/A       63%         3
 Irradiate                Conj/Tmut      4%         3d13      93%         5
 Airstrike                Air            0%         2d(1-17)  95%         4
 Manifold Assault         Tloc           1%         N/A       95%         4
 Summon Ice Beast         Ice/Summ       1%         N/A       95%         4
 Agony                    Necr           1%         N/A       100%        5
 Silence                  Hex/Air        0%         N/A       100%        5
 Summon Mana Viper        Hex/Summ       1%         N/A       100%        5
 Monstrous Menagerie      Summ           0%         N/A       100%        7
 Orb of Destruction       Conj           0%         9d5       100%        7
 Spellforged Servitor     Conj/Summ      0%         N/A       100%        7


Dungeon Overview and Level Annotations

Branches:
Dungeon (10/15)            Temple (1/1) D:4            Lair (3/5) D:8
  Snake (1/4) Lair:2
  Swamp: Lair:2-3    Shoals: Lair:2-3       Orc: D:9-12

Altars:
Ashenzari
Cheibriados
Dithmenos
Elyvilon
Fedhas
Gozag
Hepliaklqana
Kikubaaqudgha
Makhleb
Nemelex Xobeh
Okawaru
Qazlal
Ru
Sif Muna
Trog
Uskayaw
Vehumet
Wu Jian
Xom
Yredelemnul
Zin
The Shining One

Shops:
D:2 ?(:   D:3 *

Annotations:
Lair:2 3 runed translucent doors, Pi314's ghost, journeyman DsFE


Innate Abilities, Weirdness & Mutations

You are something dangerously unstable.
You glow with magical radiation, making you easy to see and hit.
Foes you strike become dangerously contaminated with magical radiation.
You are incapable of wielding weapons or throwing items.
You cannot wear most types of armour.
You are amphibious.
You can wear up to eight rings at the same time.
Your skin changes colour to match your surroundings (Stealth+).
Your rubbery body absorbs attacks. (AC +1, EV +1)
((You are camouflaged when in or above water. (Stealth+)))
You have tentacles for arms and can constrict up to eight enemies at once.
Your flesh is heat resistant. (rF+)


Message History

You climb upwards.
Level annotation: 3 runed translucent doors, Pi314's ghost, journeyman DsFE You feel extremely sick.
There is a stone staircase leading down here.
You take 28 damage, and have 34/85 hp.
MASSIVE DAMAGE!!
You barely miss the black mamba. Your grab misses the black mamba.
You feel very sick. The black mamba closely misses you.
The black mamba bites you.
The blink frog hits you but does no damage.
You take 5 damage, and have 29/85 hp.
You bludgeon the black mamba!
The black mamba begins to glow.
Your grab misses the black mamba.
The black mamba is moderately wounded.
You feel very sick. The black mamba bites you.
You are more poisoned.
The black mamba poisons you! The blink frog hits you!
* * * LOW HITPOINT WARNING * * *
You take 12 damage, and have 17/85 hp.
You feel better. The black mamba misses you. The blink frog hits you.
The black mamba completely misses you.
You regained 10 hp, and now have 27/85 hp.
You tentacle-slap the black mamba.
The black mamba glows dangerously bright.
Your grab misses the black mamba. You squeeze the black mamba!
The black mamba is heavily wounded.
The blink frog hits you!
* * * LOW HITPOINT WARNING * * *
The black mamba barely misses you.
You take 11 damage, and have 16/85 hp.
You tentacle-slap the black mamba.
The black mamba shudders as magic cascades through it!
The black mamba twists and deforms.
Your grab misses the black mamba. Your squeeze misses the black mamba.
The black mamba is severely wounded.
The black mamba bites you.
* * * LOW HITPOINT WARNING * * *
You are poisoned.
The black mamba poisons you! The blink frog hits you!
You die...

###...##.....####.<..###....~
#....P.#....####......#..~.
##.....####...##.P#).....~.
#P....P# ##..P#.#####.....
###....####.....#..# #...♣.
#.#.....###......######...
#####....#.###............
##.#....##............
##..pS.##.###P#......
#.#.F...#.####.#....
####.......#####....
##.P......#......
#####........... #######.....
######


You could see a black mamba (misshapen) and a blink frog.

Vanquished Creatures
  Fannar (D:10)
  2 two-headed ogres
  7 death yaks
  8 elephants (Lair:2)
  A black mamba (Lair:2)
  An unseen horror (D:10)
  Jeremiah (D:6)
  6 cane toads
  2 komodo dragons (Lair:2)
  A hornet (D:7)
  A polar bear (Lair:2)
  Prince Ribbit (D:7)
  4 blink frogs
  Sigmund (D:2)
  12 yaks
  A wraith (D:10)
  3 wyverns
  A vampire mosquito (D:7)
  An acid dragon (D:8)
  6 water moccasins
  A black bear (D:7)
  A sky beast (D:7)
  An orc warrior (D:8)
  2 ice beasts
  2 ogres (D:5)
  6 wolves (Lair:1)
  3 centaurs
  15 bullfrogs
  5 kobold brigands
  3 scorpions
  A gnoll sergeant (D:7)
  7 wights
  23 killer bees
  4 electric eels
  A howler monkey (D:10)
  2 jellies
  7 orc priests
  4 hounds
  A gnoll bouda (D:7)
  6 iguanas
  A sleepcap (D:6)
  10 orc wizards
  Terence (D:2)
  Robin (D:4)
  9 adders
  A shadow imp (D:6)
  A white imp (D:6)
  5 worms
  3 dart slugs
  30 orcs
  8 endoplasms
  4 giant cockroaches
  10 hobgoblins
  6 jackals
  30 kobolds
  4 quokkas
  5 ball pythons
  8 bats
  A frilled lizard (D:1)
  15 goblins
  5 rats
  A butterfly (Lair:1)
315 creatures vanquished.

Notes
Turn   | Place    | Note
-------+----------+-------------------------------------------
     0 | D:1      | Dirtsage the Octopode Shapeshifter began the quest for the
                  | Orb.
     0 | D:1      | Reached XP level 1. HP: 13/13 MP: 1/1
    81 | D:1      | Reached XP level 2. HP: 17/18 MP: 2/2
   228 | D:1      | Reached XP level 3. HP: 23/23 MP: 3/3
   376 | D:1      | Found a faded altar of an unknown god.
   559 | D:2      | Found Uresh's Book Shop.
   688 | D:2      | Found Foschofyisk's Antique Weapon Shoppe.
   819 | D:2      | Noticed Terence
   843 | D:2      | Killed Terence
   844 | D:2      | Reached XP level 4. HP: 25/29 MP: 4/4
   990 | D:2      | Found Ifinuy Asexe's Magic Scroll Shop.
   997 | D:2      | Bought a scroll of teleportation for 33 gold pieces
  1016 | D:2      | Noticed Sigmund
  1025 | D:2      | Killed Sigmund
  1026 | D:2      | Reached skill level 4 in Unarmed Combat
  1026 | D:2      | Reached XP level 5. HP: 35/35 MP: 5/5
  1083 | D:2      | Reached XP level 6. HP: 41/41 MP: 6/6
  1385 | D:3      | Found Meliup's General Store.
  2101 | D:4      | Found a burning altar of Makhleb.
  2239 | D:4      | Reached skill level 5 in Unarmed Combat
  2320 | D:4      | Found a staircase to the Ecumenical Temple.
  2330 | Temple   | Entered the Ecumenical Temple
  2337 | Temple   | Became a worshipper of the Wu Jian Council
  2512 | D:4      | Noticed Robin
  2528 | D:3      | Reached skill level 5 in Shapeshifting
  2579 | D:3      | Bought a scroll of identify for 28 gold pieces
  2605 | D:2      | Bought a scroll of identify for 22 gold pieces
  2605 | D:2      | Bought a scroll of identify for 22 gold pieces
  2727 | D:4      | Reached XP level 7. HP: 46/46 MP: 7/7
  2768 | D:4      | Killed Robin
  2959 | D:5      | Entered Level 5 of the Dungeon
  3138 | D:5      | Reached skill level 6 in Unarmed Combat
  3497 | D:5      | Reached XP level 8. HP: 54/54 MP: 8/8
  3664 | D:6      | Noticed Jeremiah
  3678 | D:6      | Killed Jeremiah
  3678 | D:6      | Reached * piety under Wu Jian
  3784 | D:6      | Reached skill level 7 in Unarmed Combat
  3937 | D:6      | Reached XP level 9. HP: 46/60 MP: 9/9
  3989 | D:6      | Reached skill level 5 in Fighting
  4245 | D:6      | Reached skill level 8 in Unarmed Combat
  4612 | D:7      | Noticed a hornet
  4633 | D:7      | Killed a hornet
  4748 | D:7      | Reached skill level 9 in Unarmed Combat
  4853 | D:7      | Reached ** piety under Wu Jian
  4862 | D:7      | Reached XP level 10. HP: 68/68 MP: 10/10
  5002 | D:7      | Noticed Prince Ribbit
  5009 | D:7      | Killed Prince Ribbit
  5405 | D:8      | Found a staircase to the Lair.
  5498 | D:8      | Reached skill level 10 in Unarmed Combat
  5551 | D:8      | Reached *** piety under Wu Jian
  6051 | D:9      | Reached skill level 1 in Evocations
  6549 | D:9      | Noticed a two-headed ogre
  6569 | D:9      | Killed a two-headed ogre
  6946 | D:9      | Learned a level 2 spell: Wereblood
  6995 | D:10     | Entered Level 10 of the Dungeon
  7096 | D:10     | Noticed a two-headed ogre
  7112 | D:10     | Killed a two-headed ogre
  7113 | D:10     | Reached skill level 1 in Transmutations
  7113 | D:10     | Reached skill level 10 in Shapeshifting
  7113 | D:10     | Reached XP level 11. HP: 75/75 MP: 11/11
  7529 | D:10     | Reached skill level 11 in Unarmed Combat
  7615 | D:10     | Reached **** piety under Wu Jian
  7832 | D:10     | Noticed Fannar
  7841 | D:10     | Killed Fannar
  8508 | Lair:1   | Entered Level 1 of the Lair of Beasts
  8669 | Lair:1   | Noticed a death yak
  8690 | Lair:1   | Noticed a death yak
  8692 | Lair:1   | Killed a death yak
  8694 | Lair:1   | Noticed a death yak
  8694 | Lair:1   | Noticed a death yak
  8696 | Lair:1   | Gained mutation: You are strong-willed. (Will+) [potion of
                  | mutation]
  8696 | Lair:1   | Gained mutation: You are vulnerable to heat. (rF-) [potion
                  | of mutation]
  8696 | Lair:1   | Gained mutation: You expend magic power (3 MP) to
                  | strengthen your wands. [potion of mutation]
  8699 | Lair:1   | Noticed a death yak
  8705 | Lair:1   | Killed a death yak
  8711 | Lair:1   | Killed a death yak
  8714 | Lair:1   | Killed a death yak
  8717 | Lair:1   | Killed a death yak
  8731 | Lair:1   | Lost mutation: You expend magic power (3 MP) to strengthen
                  | your wands. [potion of mutation]
  8731 | Lair:1   | Lost mutation: You are strong-willed. (Will+) [potion of
                  | mutation]
  8731 | Lair:1   | Lost mutation: You are vulnerable to heat. (rF-) [potion of
                  | mutation]
  8731 | Lair:1   | Gained mutation: Your flesh is heat resistant. (rF+)
                  | [potion of mutation]
  8808 | Lair:1   | Reached XP level 12. HP: 64/82 MP: 12/12
  9413 | Lair:2   | Reached skill level 12 in Unarmed Combat
  9531 | Lair:2   | Reached skill level 5 in Evocations
  9798 | Lair:2   | Identified the +6 trident of Kuetaciw {chaos, +Blink rC+}
  9812 | Lair:2   | Reached skill level 5 in Transmutations
  9959 | Lair:2   | Found a runed translucent gate.
  9961 | Lair:2   | Found a runed translucent gate.
  9962 | Lair:2   | Found a runed translucent gate.
  9981 | Lair:2   | Found a staircase to the Snake Pit.
 10010 | Lair:2   | Reached skill level 1 in Spellcasting
 10583 | Lair:2   | Noticed Pi314's ghost (journeyman DsFE)
 10619 | Snake:1  | Entered Level 1 of the Snake Pit
 10619 | Snake:1  | Noticed a shock serpent
 10644 | Lair:3   | Noticed a death yak
 10664 | Lair:2   | Killed a death yak
 10702 | Lair:3   | Noticed a death yak
 10703 | Lair:3   | Noticed a death yak
 10710 | Lair:3   | Noticed a death yak
 10727 | Lair:2   | Killed a death yak
 10830 | Lair:2   | Slain by a blink frog

Illustrated notes

Levels and vault maps discovered:
D:1:      reono_arrival_forest_river, layout_rooms,
          ebering_ecumenical_altar_webs
D:2:      layout_basic, serial_shops, nicolae_shop_tiny_real_fake_doors, shop,
          shop, nicolae_figureground_sparkle, uniq_sigmund, uniq_terence
D:3:      layout_basic, serial_shops, nicolae_diamond_shop, minmay_door_square
D:4:      layout_loops_ring, makhleb_heckhound_becter, minmay_temple_entry_tees,
          hangedman_decor_growths, patterned_corridor, uniq_robin
D:5:      layout_basic
D:6:      layout_gridville, uniq_jeremiah
D:7:      nzn_winding_woodlands_cross [nzn_winding_woodlands_5x15_pool,
          nzn_winding_woodlands_5x15_pathside_ponds,
          nzn_winding_woodlands_5x15_parted, nzn_winding_woodlands_5x15_eye,
          nzn_winding_woodlands_15x15_eel_pit], layout_basic,
          uniq_prince_ribbit1
D:8:      layout_gridville, dpeg_oklobed_lair, minmay_misc_feat_chi
D:9:      layout_basic
D:10:     layout_layer_cave, serial_bayou_crossing, uniq_fannar
Temple:   compressed_dpeg_triangle_lava_temple
Lair:1:   layout_misc_corridors, st_stairs_6, grunt_megastairs_1,
          lemuel_fruit_tree, lemuel_fruit_fields, infiniplex_staircase_pool
Lair:2:   layout_hall_layers, dummy_snake_entry, gammafunk_ghost_necromancy,
          nicolae_quartered_pool_little
Lair:3:   layout_regular_city, minmay_shoals_entry_hut
Snake:1:  layout_misc_corridors, ebering_ghost_gozag,
          nicolae_snake_snakes_in_the_grass

Skill      XL: |  1  2  3  4  5  6  7  8  9 10 11 12 |
---------------+-------------------------------------+-----
Fighting       | 2 3 4 6 7 8 9 |  9.0
Unarmed Combat | 4 5 6 7 9 10 11 12 | 12.8
Shapeshifting  | 4 5 7 8 10 11 | 11.0
Evocations     | 2 4 6 |  6.1
Transmutations | 1 4 5 |  5.6
Dodging        | 4 |  4.0
Spellcasting   | 2 |  2.2

Action                     |  1- 3 |  4- 6 |  7- 9 | 10-12 || total
---------------------------+-------+-------+-------+-------++-------
  Melee: Unarmed           |    66 |    92 |   189 |   544 ||   891
         Tentacles         |    21 |    17 |    38 |   122 ||   198
         Constrict         |    13 |    27 |    46 |    91 ||   177
         Punch             |     2 |     3 |    14 |     7 ||    26
  Throw: Dart              |       |       |       |     2 ||     2
 Invoke: Serpent's Lash    |       |       |       |     1 ||     1
Ability: Lunge             |       |     1 |    24 |    38 ||    63
         Whirlwind         |       |       |     1 |    85 ||    86
  Evoke: Wand              |       |       |     7 |     7 ||    14
    Use: Scroll            |       |     6 |       |    11 ||    17
         Potion            |       |       |     1 |     6 ||     7
   Stab: Sleeping          |     3 |     7 |     3 |     2 ||    15
 Armour: Skin              |    30 |    38 |   110 |   266 ||   444
  Dodge: Dodged            |    39 |    53 |    81 |   312 ||   485
   Form: Flux              |       |       |       |     1 ||     1

Table legend: (Time is in decaauts)
 A = Elapsed time spent in this place.
 B = Non-inter-level travel time spent in this place.
 C = Inter-level travel time spent in this place.
 D = Time resting spent in this place.
 E = Time spent auto-exploring this place.
 F = Levels seen in this place.
 G = Mean time per level.
                   A        B        C        D        E       F      G
               +--------+--------+--------+--------+--------+-----+--------+
         Total |  10715 |  10168 |    547 |     69 |   7926 |  15 |  714.3 |
       Dungeon |   8411 |   7995 |    416 |     33 |   6207 |  10 |  841.1 |
        Temple |     14 |      8 |      6 |      0 |      0 |   1 |   14.0 |
          Lair |   2287 |   2163 |    124 |     36 |   1719 |   3 |  762.3 |
     Snake Pit |      1 |      1 |      0 |      0 |      0 |   1 |    1.0 |
               +--------+--------+--------+--------+--------+-----+--------+

Top non-repeatable levels by time:
    D:10: 1383 daAuts
  Lair:2: 1362 daAuts
     D:9: 1003 daAuts
     D:3: 959 daAuts
     D:6: 913 daAuts
  Lair:1: 905 daAuts
     D:7: 838 daAuts
     D:4: 735 daAuts
     D:2: 707 daAuts
     D:8: 694 daAuts
     D:5: 649 daAuts
     D:1: 526 daAuts
  Lair:3: 19 daAuts
  Temple: 14 daAuts
 Snake:1: 1 daAuts
